 Dungeon Crawl Stone Soup version 0.29-a0-275-g389c0b56f3 (webtiles) character file.

Game seed: 16198712448586995213

18605 Crownlay the Thaumaturge (level 12, -1/59 HPs)
             Began as a Gargoyle Earth Elementalist on Mar 10, 2022.
             Was a Priest of Vehumet.
             Slain by a cane toad (13 damage)
             ... on level 2 of the Lair of Beasts.
             The game lasted 00:29:29 (17046 turns).

Crownlay the Thaumaturge (GrEE)                    Turns: 17046, Time: 00:29:29

Health: -1/59      AC: 16    Str: 11    XL:     12   Next: 60%
Magic:  4/30       EV: 12    Int: 25    God:    Vehumet [***...]
Gold:   326        SH:  0    Dex: 16    Spells: 33/39 levels left

rFire   . . .      SeeInvis +   K - +5 war axe of Zojahui {vorpal, Fragile Will++ Int+3}
rCold   . . .      Faith    .   (no shield)
rNeg    + . .      Spirit   .   b - +0 robe
rPois   ∞          Reflect  .   (no helmet)
rElec   +          Harm     .   p - +2 cloak {Will+}
rCorr   .          Rampage  .   o - +0 pair of gloves
Will    +++..                   z - +1 pair of boots
Stlth   ++........              (no amulet)
HPRegen 0.19/turn               m - ring of see invisible
MPRegen 0.22/turn               x - +6 ring of dexterity

@: no status effects
A: sickness immunity, AC +8, negative energy resistance 1, electricity
resistance, torment resistance 1, petrification resistance
a: Renounce Religion


You were on level 2 of the Lair of Beasts.
You worshipped Vehumet.
Vehumet was most pleased with you.
You visited 3 branches of the dungeon, and saw 15 of its levels.
You also visited: Sewer.

You collected 959 gold pieces.
You spent 633 gold pieces at shops.

Inventory:

Hand Weapons
 f - the +5 short sword "Roruf" {speed, Drain rC++ rCorr MP+9}
   (You found it on level 3 of the Dungeon)

   Attacks with this weapon are significantly faster.
   rC:        It greatly protects you from cold.
   MP:        It affects your magic capacity (+9).
   rCorr:     It protects you from acid and corrosion.
   Drain:     It drains your maximum health when unequipped.
 q - the +4 dagger of Experimentation {drain, rElec rPois Int+2}
   (You found it on level 3 of the Dungeon)

   A truly terrible weapon, it drains the life of any living foe it strikes.
   Int:       It affects your intelligence (+2).
   rElec:     It insulates you from electricity.
   rPois:     It protects you from poison.
 K - the +5 war axe of Zojahui (weapon) {vorpal, Fragile Will++ Int+3}
   (You found it on level 9 of the Dungeon)

   It inflicts extra damage upon your enemies.
   Int:       It affects your intelligence (+3).
   Fragile:   It will be destroyed if unequipped.
   Will:      It greatly increases your willpower.
Missiles
 a - 58 stones
 A - a throwing net
Armour
 b - a +0 robe (worn)
 o - a +0 pair of gloves (worn)
 p - a +2 cloak of willpower (worn)
 z - a +1 pair of boots (worn)
Magical Staves
 y - a staff of death
Jewellery
 m - a ring of see invisible (left hand)
 v - a +6 ring of strength
 w - a ring of positive energy
 x - a +6 ring of dexterity (right hand)
 F - a ring of protection from cold
 G - a ring of flight
 H - a ring of resist corrosion
 J - a ring of positive energy
Wands
 j - a wand of polymorph (6)
 n - a wand of digging (7)
 B - a wand of flame (19)
 E - a wand of acid (9)
Scrolls
 h - 3 scrolls of fog
 i - 7 scrolls of teleportation
 l - 3 scrolls of magic mapping
 t - 3 scrolls of amnesia
 u - 2 scrolls of enchant weapon
 C - 3 scrolls of enchant armour
 N - a scroll of torment {unknown}
 O - 4 scrolls of fear {unknown}
 P - a scroll of summoning
 Q - 2 scrolls of brand weapon
Potions
 c - 2 potions of magic
 d - 8 potions of curing
 e - 3 potions of brilliance
 g - 2 potions of flight
 k - 3 potions of mutation
 r - 2 potions of ambrosia
 s - a potion of heal wounds {unknown}
 D - a potion of resistance
 I - 2 potions of degeneration {unknown}
 M - a potion of invisibility {unknown}


   Skills:
 - Level 1.5 Dodging
 - Level 2.1 Stealth
 * Level 14.0 Spellcasting
 * Level 7.6 Conjurations
 * Level 6.3 Summonings
 - Level 0.7 Transmutations
 - Level 12.0 Earth Magic


You had 33 spell levels left.
You knew the following spells:

 Your Spells              Type           Power      Damage    Failure   Level
a - Sandblast             Erth           100%       2d20      0%          1
b - Passwall              Tmut/Erth      40%        N/A       1%          2
c - Stone Arrow           Conj/Erth      100%       3d13      1%          3

Your spell library contained the following spells:

 Spells                   Type           Power      Damage    Failure   Level
 Iskenderun's Mystic Bla  Conj/Tloc      36%        2d9       1%          4
 Foxfire                  Conj/Fire      100%       2x1d9     1%          1
 Magic Dart               Conj           100%       1d8       1%          1
 Summon Small Mammal      Summ           100%       N/A       1%          1
 Call Imp                 Summ           49%        N/A       1%          2
 Call Canine Familiar     Summ           49%        N/A       1%          3
 Conjure Flame            Conj/Fire      36%        6-21      1%          3
 Mephitic Cloud           Conj/Pois/Air  30%        N/A       1%          3
 Animate Armour           Summ/Erth      100%       N/A       1%          4
 Flame Wave               Conj/Fire      36%        2d9       1%          4
 Hailstorm                Conj/Ice       36%        3d9       1%          4
 Inner Flame              Hex/Fire       17%        N/A       2%          3
 Summon Guardian Golem    Hex/Summ       33%        N/A       2%          3
 Petrify                  Tmut/Erth      49%        N/A       2%          4
 Ensorcelled Hibernation  Hex/Ice        34%        N/A       4%          2
 Swiftness                Air            17%        N/A       10%         3
 Ice Form                 Ice/Tmut       19%        N/A       28%         4
 Lehudib's Crystal Spear  Conj/Erth      30%        10d8      65%         8
 Simulacrum               Ice/Necr       8%         N/A       99%         6


Dungeon Overview and Level Annotations

Branches:
Dungeon (12/15)            Temple (1/1) D:4            Lair (2/6) D:8
    Orc (0/2) D:9           Sewer (visited)
  Swamp: Lair:2-4    Shoals: Lair:2-4     Snake: Lair:2-4    Spider: Lair:2-4

Altars:
Ashenzari
Cheibriados
Dithmenos
Elyvilon
Gozag
Hepliaklqana
Okawaru
Qazlal
Trog
Uskayaw
Vehumet
Wu Jian
Xom
Yredelemnul
The Shining One

Shops:
D:4 =*![*   D:10 ?

Annotations:
D:9 3 runed translucent doors, t4s4d4r's ghost, journeyman OpEE
D:10 1 runed translucent door, starts1789's ghost, journeyman MfGl


Innate Abilities, Weirdness & Mutations

You are immune to sickness and miasma.
Your stone body is resilient. (AC +8)
You are immune to poison.
You resist negative energy. (rN+)
You are resistant to electric shocks. (rElec)
You are resistant to unholy torment.
You are immune to petrification.


Message History

Aim: a yak (moderately wounded, 90% to hit)
The blast of sand hits the yak!
The yak is severely wounded.
a - 60 stones The cane toad stings you!
Casting: Sandblast (safe; 0% risk of failure)
Confirm with . or Enter, or press ? or * to list all spells.
Aiming: Sandblast (safe; 0% risk of failure)
Press: ? - help, Shift-Dir - straight line, f/p - yak
Aim: a yak (severely wounded, 90% to hit)
The blast of sand misses the yak.
a - 59 stones The yak gores you but does no damage.
The cane toad closely misses you.
Casting: Sandblast (safe; 0% risk of failure)
Confirm with . or Enter, or press ? or * to list all spells.
Aiming: Sandblast (safe; 0% risk of failure)
Press: ? - help, Shift-Dir - straight line, f/p - yak
Aim: a yak (severely wounded, 90% to hit)
The blast of sand hits the yak!!
You kill the yak!
Vehumet accepts your kill.
You feel your power returning.
a - 58 stones The cane toad stings you!
* * * LOW HITPOINT WARNING * * *
The komodo dragon attacks as you move away!
The komodo dragon completely misses you.
The cane toad stings you but does no damage.
The komodo dragon attacks as you move away!
The komodo dragon misses you.
Okay, then.
Casting: Sandblast (safe; 0% risk of failure)
Confirm with . or Enter, or press ? or * to list all spells.
Aiming: Stone Arrow (safe; 1% risk of failure)
Press: ? - help, Shift-Dir - straight line, f - komodo dragon
Aim: a komodo dragon (84% to hit)
The stone arrow hits the komodo dragon!!
The komodo dragon is heavily wounded.
The komodo dragon misses you. The cane toad stings you!
You die...

.......P# #.....>.#. .......####
#......P# ........#.# ##...#..#
..........# #.†##### #
..........## #..#.# ###
..........P# ##...# #..
...........# ####....#### #####.
...........####.P#.......###.....
.......[....P...@l..P............
..............###F...#..###......
.............## ##..>.#.# ##.....
#..#........## #......# ##....
.###P....#.## ###....### #....
..######..## #......###.... ...#
#### ####....#####. #..##
##......#### #...### #.........#.


You could see a komodo dragon and a cane toad.

Vanquished Creatures
  Erica (D:11)
  2 two-headed ogres
  A catoblepas (Lair:2)
  A wizard (D:11)
  Pikel (D:5)
  Maurice (D:11)
  2 black mambas
  A cane toad (Lair:1)
  Maggie (D:10)
  2 unseen horrors
  3 komodo dragons
  2 trolls
  7 blink frogs (Lair:2)
  A hornet (D:11)
  29 yaks
  A vampire (D:11)
  3 wyverns
  A wraith (D:11)
  2 steam dragons (D:7)
  2 vampire mosquitoes (D:11)
  2 wargs (D:9)
  Menkaure (D:5)
  Edmund (D:5)
  7 water moccasins
  2 orc warriors
  2 black bears
  A sky beast (D:5)
  An ice beast (D:6)
  2 ogres
  4 wolves (Lair:1)
  7 centaurs
  2 lemures (D:5)
  A kobold brigand (D:10)
  6 bullfrogs
  A necrophage (D:5)
  A gnoll sergeant (D:7)
  3 scorpions
  10 wights
  9 killer bees
  A crimson imp (D:6)
  5 orc priests
  A jelly (D:4)
  3 hounds
  3 iguanas (D:5)
  8 orc wizards
  A mummy (D:7)
  7 adders
  7 gnolls
  2 white imps
  2 ufetubi
  2 dart slugs
  31 orcs
  6 ball pythons
  5 endoplasms
  7 giant cockroaches
  4 goblins
  6 hobgoblins
  8 jackals
  2 quokkas
  5 bats
  4 frilled lizards
  2 hobgoblin zombies (D:7)
  10 kobolds
  A kobold zombie (D:7)
  An orc zombie (D:7)
  7 rats
268 creatures vanquished.

Vanquished Creatures (others)
  A fungus (Lair:2)
  4 plants
5 creatures vanquished.

Grand Total: 273 creatures vanquished

Notes
Turn   | Place    | Note
-------+----------+-------------------------------------------
     0 | D:1      | Crownlay the Gargoyle Earth Elementalist began the quest
                  | for the Orb.
     0 | D:1      | Reached XP level 1. HP: 10/10 MP: 3/3
   554 | D:1      | Reached XP level 2. HP: 15/15 MP: 5/5
  1112 | D:1      | Reached XP level 3. HP: 18/19 MP: 7/7
  1314 | D:1      | Learned a level 2 spell: Passwall
  1318 | D:1      | Learned a level 3 spell: Stone Arrow
  1366 | D:2      | Reached skill level 3 in Spellcasting
  1846 | D:2      | Found a broken altar of Ashenzari.
  2071 | D:2      | Reached XP level 4. HP: 3/24 MP: 4/9
  2071 | D:2      | HP: 1/24 [orc/+0 short sword (2)]
  2408 | D:3      | Found a glowing drain.
  2422 | Sewer    | Entered a sewer
  2529 | Sewer    | Noticed a water moccasin
  2535 | Sewer    | Killed a water moccasin
  2536 | Sewer    | Reached skill level 4 in Spellcasting
  2536 | Sewer    | Reached skill level 5 in Earth Magic
  2536 | Sewer    | Reached XP level 5. HP: 22/28 MP: 4/11
  2670 | D:3      | Identified the +4 dagger of Experimentation {drain, rElec
                  | rPois Int+2}
  2699 | D:3      | Reached XP level 6. HP: 19/32 MP: 9/13
  2963 | D:3      | Identified the +5 short sword "Roruf" {speed, Drain rC++
                  | rCorr MP+9}
  3170 | D:3      | Found a broken altar of Ashenzari.
  3190 | D:3      | Reached skill level 5 in Spellcasting
  3346 | D:3      | Found a faded altar of an unknown god.
  3585 | D:4      | You fall into a shaft and drop 2 floors!
  3641 | D:5      | Entered Level 5 of the Dungeon
  3661 | D:4      | Found Ybaelug's Distillery.
  3674 | D:4      | Reached XP level 7. HP: 36/36 MP: 15/15
  3743 | D:4      | Bought a potion of brilliance for 40 gold pieces
  3743 | D:4      | Bought a potion of might for 40 gold pieces
  3743 | D:4      | Bought a potion of lignification for 30 gold pieces
  3743 | D:4      | Bought a potion of curing for 30 gold pieces
  4086 | D:4      | Found Vathix's Jewellery Boutique.
  4173 | D:4      | Found an ornate altar of the Wu Jian Council.
  4207 | D:4      | Found Ricei's Assorted Antiques.
  4237 | D:4      | Reached skill level 6 in Spellcasting
  4317 | D:4      | Found Nuxeduj's Armour Boutique.
  4436 | D:4      | Found Jiororhi's Assorted Antiques.
  4444 | D:4      | Bought a scroll labelled IKEUXZO LOAN for 19 gold pieces
  4444 | D:4      | Bought a scroll labelled UWOPRON CELOA for 19 gold pieces
  4508 | D:4      | Found a staircase to the Ecumenical Temple.
  4517 | Temple   | Entered the Ecumenical Temple
  4577 | Temple   | Became a worshipper of Vehumet
  4721 | D:4      | Noticed a hornet
  5047 | D:5      | Reached XP level 8. HP: 7/41 MP: 17/18
  5477 | D:5      | Noticed Menkaure
  5480 | D:5      | Noticed Pikel
  5481 | D:5      | Killed Menkaure
  5482 | D:5      | Reached skill level 7 in Spellcasting
  5502 | D:5      | Killed Pikel
  5503 | D:5      | Reached skill level 8 in Spellcasting
  6227 | D:5      | Noticed Edmund
  6234 | D:5      | Killed Edmund
  6235 | D:5      | Reached XP level 9. HP: 42/45 MP: 10/21
  7239 | D:6      | Reached skill level 9 in Spellcasting
  7754 | D:7      | Reached * piety under Vehumet
  7754 | D:7      | Offered knowledge of Magic Dart by Vehumet.
  8542 | D:7      | Reached skill level 10 in Spellcasting
  8658 | D:7      | Noticed a two-headed ogre
  8663 | D:7      | HP: 2/45 [two-headed ogre/+0 giant club (21)]
  8664 | D:7      | Killed a two-headed ogre
  8665 | D:7      | Reached skill level 10 in Earth Magic
  8665 | D:7      | Reached XP level 10. HP: 2/50 MP: 23/24
  9363 | D:8      | Reached skill level 11 in Spellcasting
  9443 | D:8      | Found a staircase to the Lair.
 10176 | D:8      | Found a glowing golden altar of the Shining One.
 10527 | D:9      | Identified the +5 war axe of Zojahui {vorpal, Fragile
                  | Will++ Int+3}
 10670 | D:9      | Found a runed translucent gate.
 10670 | D:9      | Found a runed translucent gate.
 10670 | D:9      | Found a runed translucent gate.
 10713 | D:9      | Found a staircase to the Orcish Mines.
 10723 | D:9      | Offered knowledge of Shock by Vehumet.
 10725 | D:9      | Reached ** piety under Vehumet
 10975 | D:9      | Noticed t4s4d4r's ghost (journeyman OpEE)
 11198 | D:10     | Entered Level 10 of the Dungeon
 11198 | D:10     | Noticed an unseen horror
 11206 | D:10     | Killed an unseen horror
 11402 | D:10     | Noticed a two-headed ogre
 11403 | D:10     | Noticed Maggie
 11408 | D:10     | Killed a two-headed ogre
 11409 | D:10     | Reached skill level 12 in Spellcasting
 11667 | D:10     | Reached XP level 11. HP: 48/54 MP: 11/27
 11669 | D:10     | Killed Maggie
 11823 | D:10     | Found a runed translucent door.
 11823 | D:10     | Noticed starts1789's ghost (journeyman MfGl)
 12005 | D:10     | Found Quamist's Magic Scroll Shop.
 12019 | D:10     | Bought a scroll of summoning for 95 gold pieces
 12019 | D:10     | Bought a scroll of identify for 20 gold pieces
 12019 | D:10     | Bought a scroll of noise for 10 gold pieces
 12019 | D:10     | Bought a scroll of enchant armour for 75 gold pieces
 12019 | D:10     | Bought a scroll of brand weapon for 200 gold pieces
 12019 | D:10     | Bought a scroll of identify for 20 gold pieces
 12019 | D:10     | Bought a scroll of immolation for 35 gold pieces
 12025 | D:10     | Identified a scroll of acquirement
 12026 | D:10     | Acquired a +2 cloak of willpower
 12322 | D:11     | Noticed Erica
 12324 | D:11     | Reached skill level 1 in Conjurations
 12332 | D:11     | Killed Erica
 12333 | D:11     | Reached skill level 1 in Summonings
 12651 | D:11     | Noticed a wizard
 12656 | D:11     | Killed a wizard
 12675 | D:11     | Offered knowledge of Conjure Flame by Vehumet.
 12686 | D:11     | Reached skill level 13 in Spellcasting
 12984 | D:11     | Noticed Maurice
 12988 | D:11     | Killed Maurice
 13859 | Lair:1   | Entered Level 1 of the Lair of Beasts
 13989 | Lair:1   | Reached *** piety under Vehumet
 13997 | Lair:1   | Reached skill level 5 in Conjurations
 14614 | Lair:1   | Reached XP level 12. HP: 59/59 MP: 23/29
 14987 | Lair:1   | Offered knowledge of Iskenderun's Mystic Blast by Vehumet.
 15357 | Lair:2   | Reached skill level 5 in Summonings
 15669 | Lair:2   | Noticed a catoblepas
 16139 | Lair:2   | Killed a catoblepas
 17020 | Lair:2   | Reached skill level 14 in Spellcasting
 17046 | Lair:2   | Slain by a cane toad

Illustrated notes

Levels and vault maps discovered:
D:1:      dpeg_arrival_lava_temple_mockup, layout_loops_corners,
          supply_closet_lemuel
D:2:      layout_loops_ring, basic_altar
D:3:      layout_loops_cross, cheibrodos_ashenzari_chains,
          cheibrodos_sewer_entry_drain,
          dreamdust_ecumenical_altar_hidden_monk_grotto, minivault_4
D:4:      layout_cave_pools, nzn_wu_jian_council_hall, lemuel_temple_firewalk_b,
          serial_shops, shop, nicolae_shop_hallway_stairs,
          nicolae_shop_hallway_plus, kennysheep_mini_moat, nicolae_shop_trees,
          chequers_serial_rivers_micro_b, lightli_corner_chamber
D:5:      layout_loops_corners, uniq_menkaure, uniq_edmund, uniq_pikel
D:6:      layout_basic, minmay_fire_ice_demons
D:7:      layout_cave_pools, minmay_mini_ossuary
D:8:      layout_loops_ring, nicolae_tso_swordbearing_angel, david_lair_shrubbed
D:9:      layout_rooms, minmay_orc_entry_guard_dogs, serial_aquarium,
          aquarium_bridge_long_separate [aquarium_subvault_bridge,
          aquarium_subvault_window, aquarium_subvault_balcony,
          aquarium_subvault_window, aquarium_subvault_bridge,
          aquarium_subvault_bridge], aquarium_bridge_straight
          [aquarium_subvault_bridge, aquarium_subvault_wall,
          aquarium_subvault_bridge, aquarium_subvault_window],
          aquarium_window_fake, aquarium_window_corridor_3, aquarium_window_2,
          aquarium_view_2d, gammafunk_ghost_spectres
D:10:     layout_cave_pools, ebering_ghost_reflecting_pool, serial_shops,
          nicolae_shop_waterfront, uniq_maggie
D:11:     layout_roguey, uniq_erica, uniq_maurice
D:12:     layout_layer_cave, eino_jars
Temple:   mainiacjoe_temple_bowtie_tessellation
Lair:1:   layout_regular_city, minivault_24
Lair:2:   layout_cave_pods, lemuel_fruit_fields, grunt_megastairs_5,
          serial_bayou_shore_b

Skill      XL: |  1  2  3  4  5  6  7  8  9 10 11 12 |
---------------+-------------------------------------+-----
Earth Magic    | 4 5 6 7 8 10 11 12 | 12.0
Spellcasting   | 3 4 5 6 8 10 12 13 14 | 14.0
Conjurations   | 5 7 |  7.6
Summonings     | 4 6 |  6.3
Dodging        | |  1.5
Stealth        | |  2.1
Transmutations | |  0.7

Action                   |  1- 3 |  4- 6 |  7- 9 | 10-12 || total
-------------------------+-------+-------+-------+-------++-------
Melee: Unarmed           |    22 |       |       |       ||    22
       Dagger            |     5 |     7 |       |       ||    12
       Short sword       |    79 |    68 |   128 |       ||   275
       Punch             |       |     1 |     2 |       ||     3
       War axe           |       |       |       |     4 ||     4
 Cast: Sandblast         |     8 |    22 |    58 |   164 ||   252
       Stone Arrow       |       |       |    59 |   158 ||   217
  Use: Scroll            |       |     3 |     2 |     9 ||    14
       Potion            |       |       |       |     3 ||     3
 Stab: Sleeping          |    14 |       |     1 |       ||    15
Armor: Robe              |    38 |    35 |    66 |    91 ||   230
Dodge: Dodged            |    51 |    59 |   114 |   102 ||   326

Table legend: (Time is in decaauts)
 A = Elapsed time spent in this place.
 B = Non-inter-level travel time spent in this place.
 C = Inter-level travel time spent in this place.
 D = Time resting spent in this place.
 E = Time spent auto-exploring this place.
 F = Levels seen in this place.
 G = Mean time per level.
                   A        B        C        D        E       F      G
               +--------+--------+--------+--------+--------+-----+--------+
         Total |  17036 |  16530 |    506 |     23 |  14606 |  16 | 1064.8 |
       Dungeon |  13832 |  13390 |    442 |     23 |  11883 |  12 | 1152.7 |
        Temple |     95 |     61 |     34 |      0 |     46 |   1 |   95.0 |
          Lair |   2870 |   2841 |     29 |      0 |   2501 |   2 | 1435.0 |
         Sewer |    237 |    237 |      0 |      0 |    176 |   1 |  237.0 |
               +--------+--------+--------+--------+--------+-----+--------+

Top non-repeatable levels by time:
     D:5: 1886 daAuts
  Lair:1: 1491 daAuts
    D:11: 1476 daAuts
     D:8: 1455 daAuts
  Lair:2: 1379 daAuts
     D:7: 1364 daAuts
     D:1: 1346 daAuts
     D:9: 1247 daAuts
     D:6: 1172 daAuts
     D:4: 1143 daAuts
     D:2: 1059 daAuts
     D:3: 952 daAuts
    D:10: 721 daAuts
   Sewer: 237 daAuts
  Temple: 95 daAuts
